 Dungeon Crawl Stone Soup version 0.27-a0-819-g058290f16d (webtiles) character file.

Game seed: 6927893281279083737

48 jiml777 the Gusty (level 4, -5/30 HPs)
             Began as a Human Air Elementalist on Mar 29, 2021.
             Slain by an ogre
             ... wielding a +0 giant club
              (12 damage)
             ... on level 2 of the Dungeon.
             The game lasted 00:07:40 (1335 turns).

jiml777 the Gusty (Human Air Elementalist)          Turns: 1335, Time: 00:07:40

Health: -5/30      AC:  9    Str:  9    XL:     4   Next: 0%
Magic:  5/7        EV: 12    Int: 16    God:
Gold:   36         SH:  0    Dex: 13    Spells: 7/8 levels left

rFire    . . .     SeeInvis .   e - +1 dagger (protect)
rCold    . . .     Faith    .   (no shield)
rNeg     . . .     Spirit   .   a - +0 robe
rPois    .         Reflect  .   (no helmet)
rElec    .         Harm     .   (no cloak)
rCorr    .         Rampage  .   (no gloves)
Will     .....                  (no boots)
Stlth    ++........             (no amulet)
HPRegen  0.10/turn              (no ring)
MPRegen  0.10/turn              (no ring)

@: protection aura
A: no striking features
a: no special abilities


You were on level 2 of the Dungeon.
You visited 1 branch of the dungeon, and saw 2 of its levels.

You collected 36 gold pieces.

Inventory:

Hand Weapons
 e - a +1 dagger of protection (weapon)
Missiles
 c - a stone
 g - 14 arrows
Armour
 a - a +0 robe (worn)
Scrolls
 b - a scroll of fog {unknown}
 f - a scroll of summoning {unknown}
 h - a scroll of teleportation {unknown}
Potions
 d - a potion of attraction {unknown}
 i - a potion of might {unknown}


   Skills:
 + Level 0.2 Short Blades
 + Level 2.3 Dodging
 + Level 2.1 Stealth
 + Level 2.6 Spellcasting
 + Level 1.6 Conjurations
 + Level 3.4 Air Magic


You had 7 spell levels left.
You knew the following spells:

 Your Spells              Type           Power      Damage    Failure   Level
a - Shock                 Conj/Air       40%        1d5       7%          1

Your spell library contained the following spells:

 Spells                   Type           Power      Damage    Failure   Level
 Swiftness                Air            13%        N/A       7%          2
 Static Discharge         Conj/Air       10%        N/A       21%         3
 Airstrike                Air            6%         N/A       43%         4
 Lightning Bolt           Conj/Air       5%         1d17      88%         5


Dungeon Overview and Level Annotations

Branches:
Dungeon (2/15)

Altars:


Message History

i - a ruby potion A quokka comes into view.
You see here an adder corpse.
Casting: Shock (safe; 7% risk of failure)
Confirm with . or Enter, or press ? or * to list all spells.
Aiming: Shock (safe; 7% risk of failure)
Press: ? - help, Shift-Dir - straight line The zap hits the ogre.
The ogre is lightly wounded.
The zap hits the ogre.
The ogre is moderately wounded.
The ogre barely misses you.
Casting: Shock (safe; 7% risk of failure)
Confirm with . or Enter, or press ? or * to list all spells.
Aiming: Shock (safe; 7% risk of failure)
Press: ? - help, Shift-Dir - straight line The zap hits the ogre.
The ogre is moderately wounded.
The zap hits the ogre.
The ogre is heavily wounded.
The ogre hits you with a +0 giant club!
Ouch! That really hurt!
You barely miss the ogre.
The ogre is heavily wounded.
The ogre closely misses you. The quokka misses you.
Unknown command.
You closely miss the ogre.
The ogre is heavily wounded.
The quokka barely misses you. The ogre hits you with a +0 giant club.
You barely miss the ogre.
The ogre is heavily wounded.
The quokka bites you.
* * * LOW HITPOINT WARNING * * *
The ogre completely misses you.
You hit the ogre.
Your weapon exudes an aura of protection.
The ogre is heavily wounded.
The quokka bites you but does no damage.
The ogre hits you with a +0 giant club!
You die...

##........................
##....................#....
##........>.................
#....................#......
#.........#........÷÷...####
#.........#........<........
#.........#.........###.####
#.........Or.........# .#
#....†....#@.........# #
#.........#..............
#.........#............##
#.........#..........###
#.........#..........#
##.......##............
##.....###........####
####### #.>......#


You could see an ogre and a quokka.

Vanquished Creatures
  2 adders (D:2)
  A bat (D:1)
  2 endoplasms
  6 goblins (D:1)
  2 hobgoblins
  4 kobolds (D:1)
  A quokka (D:1)
  3 ball pythons (D:1)
  3 frilled lizards
  6 rats
30 creatures vanquished.

Notes
Turn   | Place    | Note
-------+----------+-------------------------------------------
     0 | D:1      | jiml777 the Human Air Elementalist began the quest for the
                  | Orb.
     0 | D:1      | Reached XP level 1. HP: 13/13 MP: 3/3
   130 | D:1      | Reached XP level 2. HP: 17/19 MP: 1/5
   541 | D:1      | Reached XP level 3. HP: 24/24 MP: 4/6
  1266 | D:2      | Reached XP level 4. HP: 30/30 MP: 3/7
  1310 | D:2      | Noticed an ogre
  1335 | D:2      | Slain by an ogre

Illustrated notes

Levels and vault maps discovered:
D:1:      roderic_chinese_lattice_arrival, layout_rooms, grunt_decor_one_mirror
D:2:      layout_rooms, general_overflow_altar, old_standard_altar

Action                   |  1- 3 |  4- 6 || total
-------------------------+-------+-------++-------
Melee: Unarmed           |     7 |       ||     7
       Short sword       |     2 |       ||     2
       Dagger            |    20 |     4 ||    24
 Cast: Shock             |    53 |     2 ||    55
Armor: Robe              |    13 |     1 ||    14
Dodge: Dodged            |    34 |     5 ||    39

Table legend: (Time is in decaauts)
 A = Elapsed time spent in this place.
 B = Non-inter-level travel time spent in this place.
 C = Inter-level travel time spent in this place.
 D = Time resting spent in this place.
 E = Time spent auto-exploring this place.
 F = Levels seen in this place.
 G = Mean time per level.
                   A        B        C        D        E       F      G
               +--------+--------+--------+--------+--------+-----+--------+
         Total |   1334 |   1319 |     15 |    676 |    426 |   2 |  667.0 |
       Dungeon |   1334 |   1319 |     15 |    676 |    426 |   2 |  667.0 |
               +--------+--------+--------+--------+--------+-----+--------+

Top non-repeatable levels by time:
     D:1: 938 daAuts
     D:2: 396 daAuts
